 Dungeon Crawl Stone Soup version 0.26-a0-542-gbaa144ba5c (webtiles) character file.

Game seed: 2943544228083123515

77 Aksej the Chopper (level 4, 0/34 HPs)
             Began as a Demonspawn Gladiator on Aug 17, 2020.
             Succumbed to an adder's poison
             ... on level 2 of the Dungeon.
             The game lasted 00:03:59 (1216 turns).

Aksej the Chopper (Demonspawn Gladiator)            Turns: 1216, Time: 00:03:59

Health: 0/34       AC: 13    Str: 15    XL:     4   Next: 14%
Magic:  4/4        EV: 13    Int: 16    God:
Gold:   82         SH:  0    Dex: 14    Spells: 3/3 levels left

rFire    . . .     SeeInvis .   a - +0 war axe
rCold    . . .     Faith    .   (no shield)
rNeg     . . .     Spirit   .   b - +1 leather armour
rPois    .         Reflect  .   (helmet restricted)
rElec    .         Harm     .   (no cloak)
rCorr    .                      (no gloves)
MR       .....                  c - +2 pair of boots
Stlth    +.........             (no amulet)
HPRegen  0.11/turn              g - +6 ring of intelligence
MPRegen  0.09/turn              (no ring)

@: lethally poisoned (0 -> -1), sanguine armour, very slightly contaminated,
hasted, invisible, very quick
A: horns 1, sanguine armour 1
a: no special abilities


You were on level 2 of the Dungeon.
You visited 1 branch of the dungeon, and saw 2 of its levels.

You collected 82 gold pieces.

Inventory:

Hand Weapons
 a - a +0 war axe (weapon)
Missiles
 f - 6 boomerangs (quivered)
Armour
 b - a +1 leather armour (worn)
 c - a +2 pair of boots (worn)
 h - a +2 scale mail of cold resistance
Jewellery
 g - a +6 ring of intelligence (left hand)
Scrolls
 d - 3 scrolls of identify
 e - a scroll of teleportation
 j - a scroll of fear {unknown}
 k - a scroll of enchant armour


   Skills:
 + Level 2.5 Fighting
 * Level 3.5 Axes
 + Level 2.1 Throwing
 + Level 1.1 Armour
 + Level 3.0 Dodging


You had 3 spell levels left.
You didn't know any spells.
Your spell library was empty.

Dungeon Overview and Level Annotations

Branches:
Dungeon (2/15)

Altars:
Cheibriados


Innate Abilities, Weirdness & Mutations

You have a pair of small horns on your head.
When seriously injured, your bleeding wounds create armour. (AC +6)


Message History

Okay, then.
h - a +2 scale mail of cold resistance
* * * LOW HITPOINT WARNING * * *
You feel sick.
Found 8 gold pieces.
* * * LOW HITPOINT WARNING * * *
You feel sick.
Found a club.
* * * LOW HITPOINT WARNING * * *
You feel sick.
You see here 8 gold pieces.
You now have 82 gold pieces (gained 8).
Found a dagger.
* * * LOW HITPOINT WARNING * * *
You feel sick.
You see here a dagger.
* * * LOW HITPOINT WARNING * * *
You feel sick.
Found an embroidered scarf.
Found a stone staircase leading down.
You die...

..#####. #....... ###
........ ... #.####.#
.[# #. #.# #.# #.#
#.# ##. #># #.# ##..
#@### #)###... #...##
#....... #..##.#
#..##... #...#.#
#..#....
.#.#.#.######..#....
#........)...........
#####........####....
########.........
##########


There were no monsters in sight!

Vanquished Creatures
  Terence (D:2)
  An adder (D:2)
  An ooze (D:1)
  3 dart slugs
  A leopard gecko (D:2)
  3 bats
  5 goblins
  5 hobgoblins
  2 jackals (D:1)
  A quokka (D:2)
  2 frilled lizards (D:2)
  4 kobolds
  2 rats (D:1)
31 creatures vanquished.

Notes
Turn   | Place    | Note
-------+----------+-------------------------------------------
     0 | D:1      | Aksej the Demonspawn Gladiator began the quest for the Orb.
     0 | D:1      | Reached XP level 1. HP: 16/16 MP: 1/1
   350 | D:1      | Gained mutation: You have a pair of small horns on your
                  | head. [demonic ancestry]
   350 | D:1      | Reached XP level 2. HP: 21/22 MP: 2/2
   796 | D:2      | Found a snail-covered altar of Cheibriados.
   800 | D:2      | Reached XP level 3. HP: 27/27 MP: 3/3
  1158 | D:2      | Noticed Terence
  1175 | D:2      | Killed Terence
  1175 | D:2      | Reached skill level 1 in Armour
  1178 | D:2      | Gained mutation: When seriously injured, your bleeding
                  | wounds create armour. (AC +6) [demonic ancestry]
  1178 | D:2      | Reached XP level 4. HP: 23/34 MP: 4/4
  1210 | D:2      | HP: 1/34 [poisoned by an adder]
  1216 | D:2      | Succumbed to an adder's poison

Illustrated notes

Levels and vault maps discovered:
D:1:      dpeg_arrival_shrine, layout_rooms
D:2:      layout_loops_ring, kennysheep_slug_shrine, uniq_terence

Skill      XL: |  1  2  3 |
---------------+----------+-----
Axes           | 3 |  3.5
Throwing       | 2 |  2.1
Armour         | 1 |  1.1
Dodging        | 3 |  3.0
Fighting       | |  2.5

Action                   |  1- 3 |  4- 6 || total
-------------------------+-------+-------++-------
Melee: War axe           |    71 |     9 ||    80
       Headbutt          |     9 |     1 ||    10
Throw: Throwing net      |     3 |       ||     3
       Boomerang         |    25 |       ||    25
  Use: Scroll            |     4 |       ||     4
       Potion            |       |     2 ||     2
Armor: Leather armour    |    18 |     4 ||    22
Dodge: Dodged            |    47 |     5 ||    52

Table legend: (Time is in decaauts)
 A = Elapsed time spent in this place.
 B = Non-inter-level travel time spent in this place.
 C = Inter-level travel time spent in this place.
 D = Time resting spent in this place.
 E = Time spent auto-exploring this place.
 F = Levels seen in this place.
 G = Mean time per level.
                   A        B        C        D        E       F      G
               +--------+--------+--------+--------+--------+-----+--------+
         Total |   1237 |   1233 |      4 |    146 |    838 |   2 |  618.5 |
       Dungeon |   1237 |   1233 |      4 |    146 |    838 |   2 |  618.5 |
               +--------+--------+--------+--------+--------+-----+--------+

Top non-repeatable levels by time:
     D:1: 702 daAuts
     D:2: 534 daAuts
